 Dungeon Crawl Stone Soup version 0.28-a0-1435-g82390b3a13 (webtiles) character file.

Game seed: 17913080548551747424

59 croobank the Insei (level 3, -3/29 HPs)
             Began as a Draconian Transmuter on Jan 9, 2022.
             Was an Initiate of Vehumet.
             Slain by a gnoll (10 damage)
             ... on level 1 of the Dungeon on Jan 10, 2022.
             The game lasted 00:06:46 (2434 turns).

croobank the Insei (Draconian Transmuter)           Turns: 2434, Time: 00:06:47

Health: -3/29      AC:  5    Str: 12    XL:     3   Next: 78%
Magic:  4/6        EV: 12    Int: 13    God:    Vehumet [......]
Gold:   31         SH:  3    Dex: 13    Spells: 3/6 levels left

rFire   . . .      SeeInvis .   a - +0 whip
rCold   . . .      Faith    .   g - +0 buckler
rNeg    . . .      Spirit   .   (armour unavailable)
rPois   .          Reflect  .   (helmet restricted)
rElec   .          Harm     .   (no cloak)
rCorr   .          Rampage  .   (no gloves)
Will    .....                   (no boots)
Stlth   +.........              (no amulet)
HPRegen 0.09/turn               (no ring)
MPRegen 0.10/turn               (no ring)

@: very slightly contaminated
A: AC +5, unfitting armour, cold-blooded
a: Renounce Religion


You were on level 1 of the Dungeon.
You worshipped Vehumet.
Vehumet was noncommittal.
You visited 1 branch of the dungeon, and saw 2 of its levels.

You collected 31 gold pieces.

Inventory:

Hand Weapons
 a - a +0 whip (weapon)
 b - a +0 hunting sling
 e - a +0 short sword
Missiles
 i - 13 poisoned darts
 j - 41 stones
Armour
 g - a +0 buckler (worn)
 l - an orb of guile
Jewellery
 d - a ring of flight
Scrolls
 c - 2 scrolls of teleportation {unknown}
 k - a scroll of acquirement {unknown}
Potions
 f - a potion of attraction {unknown}
 h - a potion of degeneration {unknown}
 m - a potion of ambrosia {unknown}


   Skills:
 + Level 2.0 Fighting
 + Level 2.2 Dodging
 + Level 3.4 Unarmed Combat
 + Level 2.4 Spellcasting
 + Level 2.5 Transmutations


You had 3 spell levels left.
You knew the following spells:

 Your Spells              Type           Power      Damage    Failure   Level
a - Beastly Appendage     Tmut           16%        N/A       12%         1
b - Wereblood             Tmut           8%         N/A       19%         2

Your spell library contained the following spells:

 Spells                   Type           Power      Damage    Failure   Level
 Magic Dart               Conj           4%         1d3       32%         1
 Searing Ray              Conj           2%         2d4       45%         2
 Spider Form              Tmut/Pois      4%         N/A       52%         3
 Ice Form                 Ice/Tmut       4%         N/A       89%         4
 Fulminant Prism          Conj/Hex       0%         3d6       97%         4


Dungeon Overview and Level Annotations

Branches:
Dungeon (2/15)

Altars:
Vehumet


Innate Abilities, Weirdness & Mutations

Your plain brown scales are hard. (AC +5)
You cannot fit into any form of body armour.
You are cold-blooded and may be slowed by cold attacks.


Message History

The gnoll barely misses you.
You hit the gnoll but do no damage.
The gnoll is severely wounded.
The gnoll closely misses you. The gnoll barely misses you.
You hit the gnoll but do no damage. You headbutt the gnoll.
You kill the gnoll!
Vehumet accepts your kill. The gnoll barely misses you.
You barely miss the gnoll. You claw the gnoll, but do no damage.
Your tail-slap misses the gnoll.
You block the gnoll's attack.
You closely miss the gnoll. You claw the gnoll, but do no damage.
The gnoll hits you with a +0 flail! The gnoll hits you with a +0 flail.
You hit the gnoll. Your kick misses the gnoll.
The gnoll is lightly wounded.
You block the gnoll's attack.
The gnoll hits you from afar with a +0 spear.
The gnoll barely misses you. The gnoll hits you with a +0 flail!
* * * LOW HITPOINT WARNING * * *
The gnoll hits you but does no damage.
You howl as the wereblood boils in your veins!
Your horns disappear.
Your talons disappear.
There is a stone staircase leading down here.
You howl as the wereblood boils in your veins!
Your primal bloodlust is almost over.
You howl as the wereblood boils in your veins!
There is an escape hatch in the ceiling here.
A mysterious force pulls you upwards. The hatch slams shut behind you.
Casting: Wereblood (safe; 19% risk of failure)
Confirm with . or Enter, or press ? or * to list all spells.
You miscast Beastly Appendage.
You are very lightly contaminated with residual magic.
Nothing appears to happen.
The gnoll barely misses you.
You hit the gnoll.
The gnoll is moderately wounded.
Your primal bloodlust has ended.
The gnoll barely misses you.
You hit the gnoll.
The gnoll is moderately wounded.
The gnoll hits you with a +0 flail!
You die...

###..###.## #.#...#.#.....#
#.........# #.#...+.#.##..#
#.#..###..#####.#...#.#.##..#
#.....†...............#.##...
#.#..#†#..#####.##.........#.
#.#..#.#..# #.#≈≈≈≈≈≈§≈≈≈#.
###..#.#..#####..≈8≈≈≈§§≈8≈#.
#..............≈≈8≈≈≈§8≈≈#.
#.........@g...≈≈≈####≈≈≈#.
#......######..≈≈≈'..#§§§#.
#......# #.§≈§≈'.<#≈§≈#(
#......# #..≈≈≈####≈≈≈..
##......######..≈≈8≈≈≈≈8≈≈#.
#...............≈8≈≈≈≈≈≈8≈#+
#.......#######.≈≈≈≈≈≈§≈≈≈..
#.........# #.#....§§###..
#[........#####†#.####§###..


You could see a gnoll.

Vanquished Creatures
  A gnoll (D:2)
  An adder (D:2)
  A worm (D:2)
  A dart slug (D:2)
  2 ball pythons
  7 endoplasms
  A giant cockroach (D:1)
  2 goblins (D:2)
  A hobgoblin (D:1)
  3 jackals (D:1)
  5 bats
  2 frilled lizards
  3 kobolds
  5 rats
35 creatures vanquished.

Notes
Turn   | Place    | Note
-------+----------+-------------------------------------------
     0 | D:1      | croobank the Draconian Transmuter began the quest for the
                  | Orb.
     0 | D:1      | Reached XP level 1. HP: 16/16 MP: 3/3
   417 | D:1      | Reached XP level 2. HP: 23/23 MP: 5/5
   768 | D:1      | Found a faded altar of an unknown god.
  1527 | D:2      | Reached XP level 3. HP: 26/29 MP: 4/6
  1944 | D:2      | Learned a level 2 spell: Wereblood
  2217 | D:2      | Found a radiant altar of Vehumet.
  2224 | D:2      | Became a worshipper of Vehumet
  2434 | D:1      | Slain by a gnoll

Illustrated notes

Levels and vault maps discovered:
D:1:      lightli_arrival_boilingwater, layout_basic,
          shapermc_ecumenical_altar_gd, minmay_pentomino_t2
D:2:      layout_basic, basic_altar, minmay_misc_feat_pillars

Skill      XL: |  1  2  3 |
---------------+----------+-----
Dodging        | 2 |  2.2
Fighting       | 2 |  2.0
Unarmed Combat | |  3.4
Spellcasting   | |  2.4
Transmutations | |  2.5

Action                   || total
-------------------------++-------
Melee: Unarmed           ||    42
       Tailslap          ||    15
       Punch             ||     3
       Short sword       ||    22
       Whip              ||    75
       Kick              ||    10
       Headbutt          ||     4
 Fire: Hunting sling     ||     1
 Cast: Beastly Appendage ||    12
       Wereblood         ||     2
 Stab: Sleeping          ||     2
Armor: Skin              ||    45
Dodge: Dodged            ||    86
Block: Buckler           ||    12

Table legend: (Time is in decaauts)
 A = Elapsed time spent in this place.
 B = Non-inter-level travel time spent in this place.
 C = Inter-level travel time spent in this place.
 D = Time resting spent in this place.
 E = Time spent auto-exploring this place.
 F = Levels seen in this place.
 G = Mean time per level.
                   A        B        C        D        E       F      G
               +--------+--------+--------+--------+--------+-----+--------+
         Total |   2449 |   2429 |     20 |    851 |   1152 |   2 | 1224.5 |
       Dungeon |   2449 |   2429 |     20 |    851 |   1152 |   2 | 1224.5 |
               +--------+--------+--------+--------+--------+-----+--------+

Top non-repeatable levels by time:
     D:1: 1328 daAuts
     D:2: 1121 daAuts
